 Seeded DCSS version 0.30-a0-696-g2367cd04db (webtiles) character file.

Game seed: 9004545928983355461 (custom seed)

172948 flotson the Cleaver (level 17, -4/119 HPs)
             Began as a Demonspawn Delver on Jan 19, 2023.
             Was the Champion of Hepliaklqana.
             Shot with a bolt by Vashnia (18 damage)
             ... on level 3 of the Snake Pit on Jan 21, 2023.
             The game lasted 01:04:36 (31994 turns).

flotson the Cleaver (Demonspawn Delver)            Turns: 31994, Time: 01:04:36

Health: -4/119     AC: 30    Str: 22    XL:     17   Next: 42%
Magic:  20/20      EV: 21    Int: 12    God:    Hepliaklqana [******]
Gold:   620        SH: 18    Dex: 19    Spells: 16/16 levels left

rFire   + . .      SeeInvis .    a - +0 broad axe (chaos)
rCold   + . .      Faith    .    G - +1 kite shield {AC+3}
rNeg    . . .      Spirit   .    i - +5 ring mail of Alougg Hahey {Will+ Str+3}
rPois   +          Reflect  +    u - +0 helmet
rElec   .          Harm     .    J - scarf {rC+ rF+}
rCorr   .          Rampage  .    T - +2 pair of gloves {Dex+3}
Will    ++...      Rage     3%   z - +0 pair of boots
Stlth   ++                       j - amulet of reflection
HPRegen 0.39/turn                Y - +5 ring of evasion
MPRegen 0.17/turn                b - ring of poison resistance

@: lethally poisoned (-4 -> -8), sanguine armoured
A: reduced essence, foul stench 2, icemail 2, sanguine armour 2, condensation
shield, weakness stinger 2, berserk 1, low MP 1, wild magic 1
a: Renounce Religion, Recall Ancestor, Ancestor Identity, Transference, Idealise


You were on level 3 of the Snake Pit.
You worshipped Hepliaklqana.
Hepliaklqana was exalted by your worship.
You visited 5 branches of the dungeon, and saw 26 of its levels.
You also visited: Gauntlet and Volcano.

You collected 2278 gold pieces.
You spent 1658 gold pieces at shops.

Inventory:

Hand Weapons
 a - a +0 broad axe of chaos (weapon)
Missiles
 I - 6 throwing nets
 N - 15 boomerangs
 U - 10 javelins (quivered)
 W - a curare-tipped dart
 X - 6 boomerangs of dispersal
Armour
 i - the +5 ring mail of Alougg Hahey (worn) {Will+ Str+3}
   (You bought it in a shop on level 3 of the Snake Pit)

   Str:       It affects your strength (+3).
   Will:      It increases your willpower.
 u - a +0 helmet (worn)
 z - a +0 pair of boots (worn)
 D - +0 acid dragon scales
 G - a +1 kite shield of protection (worn)
 J - a scarf of resistance (worn)
 T - a +2 pair of gloves of dexterity (worn)
Jewellery
 b - a ring of poison resistance (right hand)
 j - an amulet of reflection (around neck)
 k - a ring of protection from cold
 x - a +4 ring of protection
 L - a ring of protection from fire
 Y - a +5 ring of evasion (left hand)
Wands
 e - a wand of iceblast (3)
 g - a wand of digging (10)
 l - a wand of polymorph (12)
 q - a wand of mindburst (18)
 r - a wand of charming (25)
 v - a wand of flame (16)
 F - a wand of acid (12)
Scrolls
 c - 7 scrolls of fog
 d - 5 scrolls of magic mapping
 n - 4 scrolls of immolation
 o - 3 scrolls of fear
 t - 7 scrolls of teleportation
 w - a scroll of silence
 y - 10 scrolls of enchant armour
 B - a scroll of poison
 E - 7 scrolls of vulnerability
 K - 3 scrolls of identify
 O - 3 scrolls of summoning
 P - 2 scrolls of torment
 S - 2 scrolls of enchant weapon
 Z - 2 scrolls of blinking
Potions
 f - 7 potions of mutation
 h - 2 potions of ambrosia
 m - a potion of might
 p - 3 potions of flight
 s - 5 potions of cancellation
 C - 2 potions of attraction
 H - 2 potions of berserk rage
 M - 8 potions of curing
 Q - a potion of heal wounds
 R - 6 potions of lignification
Miscellaneous
 A - a piece from Xom's chessboard (15/15)
 V - a condenser vane


   Skills:
 + Level 11.8 Fighting
 * Level 14.6 Axes
 + Level 10.4 Throwing
 + Level 10.5 Armour
 + Level 10.6 Dodging
 - Level 5.0 Stealth
 + Level 8.5 Shields
 - Level 8.0 Invocations
 + Level 11.4 Evocations


You had 16 spell levels left.
You didn't know any spells.
Your spell library contained the following spells:

 Spells                   Type           Power      Damage    Failure   Level
 Apportation              Tloc           0%         N/A       82%         1
 Necrotise                Necr           0%         1d4       82%         1
 Shock                    Conj/Air       0%         1d3       82%         1
 Sting                    Tmut/Pois      0%         1d3       82%         1
 Summon Small Mammal      Summ           0%         N/A       82%         1
 Cigotuvi's Dreadful Rot  Necr/Pois/Air  0%         N/A       91%         2
 Ensorcelled Hibernation  Hex/Ice        0%         N/A       91%         2
 Poisonous Vapours        Pois/Air       0%         N/A       91%         2
 Call Canine Familiar     Summ           0%         N/A       99%         3
 Hailstorm                Conj/Ice       0%         3d3       99%         3
 Ignite Poison            Fire/Tmut/Pois 0%         N/A       99%         3
 Inner Flame              Hex/Fire       0%         N/A       99%         3
 Kindle Blastsparks       Fire/Tloc/Air  0%         2d10      99%         3
 Spider Form              Tmut/Pois      0%         N/A       99%         3
 Summon Guardian Golem    Hex/Summ       0%         N/A       99%         3
 Swiftness                Air            0%         N/A       99%         3
 Airstrike                Air            0%         2d(0-16)  100%        4
 Anguish                  Hex/Necr       0%         N/A       100%        4
 Flame Wave               Conj/Fire      0%         2d4       100%        4
 Ice Form                 Ice/Tmut       0%         N/A       100%        4
 Leda's Liquefaction      Hex/Erth       0%         N/A       100%        4
 Olgreb's Toxic Radiance  Pois           0%         N/A       100%        4
 Sticky Flame             Conj/Fire      0%         2d3       100%        4
 Alistair's Intoxication  Tmut/Pois      0%         N/A       100%        5
 Borgnjor's Vile Clutch   Necr/Erth      0%         N/A       100%        5
 Freezing Cloud           Conj/Ice/Air   0%         6-21      100%        5
 Lee's Rapid Deconstruct  Erth           0%         3d4*      100%        5
 Eringya's Noxious Bog    Tmut/Pois      0%         N/A       100%        6
 Simulacrum               Ice/Necr       0%         N/A       100%        6
 Statue Form              Tmut/Erth      0%         N/A       100%        6
 Haunt                    Necr/Summ      0%         N/A       100%        7
 Chain Lightning          Conj/Air       0%         N/A       100%        9


Dungeon Overview and Level Annotations

Branches:
Dungeon (15/15)            Temple (1/1) D:5            Lair (5/5) D:9
 Shoals (0/4) Lair:3        Snake (3/4) Lair:2        Slime (0/5) Lair:5
    Orc (2/2) D:11            Elf (0/3) Orc:2        Vaults (0/5) D:14
 Depths (0/4) D:15        Volcano (visited)         Gauntlet (visited)

Altars:
Ashenzari
Cheibriados
Fedhas
Gozag
Hepliaklqana
Kikubaaqudgha
Makhleb
Nemelex Xobeh
Okawaru
Qazlal
Ru
Sif Muna
Uskayaw
Wu Jian
Xom
Yredelemnul
Jiyva
Lugonu

Shops:
D:4 !   D:9 *   Orc:2 *(?(=   Snake:2 :==   Snake:3 ![

Annotations:
D:12 2 transporters
Snake:3 Vashnia


Innate Abilities, Weirdness & Mutations

Your life essence is reduced to manifest your ancestor. (-10% HP)
You sometimes emit foul miasma when damaged in melee.
A meltable icy envelope protects you from harm. (AC +0)
When seriously injured, your blood forms thick armour. (AC +9)
A meltable shield of frost defends you. (SH +0)
You have a tail ending in a sharp stinger.
You sometimes lose your temper in combat.
Your magical capacity is low. (-10% MP)
Your spells are a little harder to cast, but a little more powerful.


Message History

The stone arrow hits the naga sharpshooter!!
The naga sharpshooter dies!
You hit Vashnia. You burn Vashnia.
Vashnia is heavily wounded.
Vashnia spits poison at you.
The splash of poison hits you but does no damage.
You are poisoned.
You resist. Vashnia constricts you.
You closely miss Vashnia.
Vashnia is heavily wounded.
You feel sick.
Vashnia shoots a bolt.
You reflect the bolt off an invisible shield around you!
The bolt hits Vashnia!
Vashnia constricts you.
You hit Vashnia but do no damage. Lightning courses through Vashnia!
Your tail-slap misses Vashnia.
Vashnia is severely wounded.
You feel sick. Vashnia casts a spell at you.
You escape Vashnia's grasp.
You blink.
You feel sick.
Vashnia shoots a bolt.
You reflect the bolt off an invisible shield around you!
The bolt barely misses Vashnia.
You feel sick.
Huemac hits Vashnia with a +0 quarterstaff!
Vashnia spits poison at you.
The splash of poison hits you but does no damage.
You are more poisoned.
You resist.
You feel very sick.
Huemac hits Vashnia but does no damage.
Vashnia shoots a bolt.
The bolt hits Huemac!
Huemac is destroyed!
You feel sick.
Vashnia shoots a bolt.
The bolt hits you!!
* * * LOW HITPOINT WARNING * * *
You slash Vashnia!
Vashnia seems to speed up.
Vashnia is almost dead.
You feel sick.
Vashnia looks more healthy.
Vashnia mumbles some strange words.
Vashnia magically shoots a bolt.
The bolt hits you!!
You die...

#..###...##### #...
#...###.## #.###.#. ##
#.......# ##....##.
#|##.......# ##.....##.
#.......#.# #.......## .
#.........###.#.....## ...
##...).......)...8.∩.<
.....#........<#..##...(...
......)...@.......###......
......)...N[.)....# #......
####.#........)...# ##.....
##............## #####.
#...........## ##
##.........#.# #.
##..#...##.... . .##.####
.... #. .....


You could see Vashnia (fast).

Vanquished Creatures
  Jorgrun (D:15)
  Mlioglotl (Snake:2)
  A stone giant (Volcano)
  A dire elephant (D:15)
  A minotaur (Gauntlet)
  Josephine (Orc:2)
  9 hydras
  Harold (D:10)
  4 anacondas
  2 centaur warriors
  A ghost crab (Gauntlet)
  A death knight (D:11)
  4 ogre magi
  4 boulder beetles
  14 two-headed ogres
  A tengu warrior (D:13)
  2 death yaks (Lair:5)
  2 shock serpents
  6 naga sharpshooters
  An orc high priest (Orc:1)
  4 naga warriors
  A salamander mystic (Snake:2)
  2 naga ritualists
  A death drake (Gauntlet)
  Pikel (D:7)
  2 orc knights
  2 wolf spiders
  A mana viper (Snake:2)
  4 ugly things (D:15)
  2 deep elf pyromancers
  An orc sorcerer (Orc:1)
  A worldbinder (Gauntlet)
  An oklob plant (Lair:4)
  5 cyclopes
  Maurice (D:13)
  8 elephants
  A merfolk siren (Lair:3)
  A guardian serpent (shapeshifter) (D:13)
  3 guardian serpents (Snake:1)
  A slime creature (D:14)
  13 black mambas
  7 naga magi
  2 centaur zombies (Gauntlet)
  2 gargoyles (Volcano)
  A torpor snail (Lair:5)
  2 rime drakes
  8 cane toads
  7 komodo dragons
  4 kobold demonologists
  An efreet (Volcano)
  A freezing wraith (D:14)
  A tengu conjurer (D:13)
  5 trolls
  2 polar bears
  3 tyrant leeches (Lair:5)
  A meliai zombie (Gauntlet)
  12 blink frogs
  2 dream sheep (Lair:5)
  4 wyverns
  2 wraiths
  3 basilisks
  A hog (shapeshifter) (D:15)
  8 yaks
  A fire elemental (Volcano)
  2 steam dragons
  2 wargs
  8 vampire mosquitoes
  17 nagas
  An acid dragon (D:9)
  13 water moccasins
  2 sky beasts (D:7)
  2 ice beasts
  10 orc warriors
  5 black bears
  12 ogres
  15 wolves
  2 boggarts
  12 centaurs
  3 lemures (D:7)
  2 phantoms (D:5)
  4 kobold brigands
  12 bullfrogs
  An earth elemental (Volcano)
  A necrophage (D:6)
  4 scorpions
  2 wights (D:8)
  5 killer bees
  3 howler monkeys
  An electric eel (D:12)
  A hound (D:5)
  5 jellies
  7 orc priests
  3 iguanas
  10 orc wizards
  5 hell rats
  A gnoll (D:11)
  10 adders
  2 white imps
  A worm (D:3)
  3 dart slugs
  35 orcs
  4 ball pythons
  5 endoplasms
  6 giant cockroaches
  10 goblins
  7 hobgoblins
  7 jackals
  6 quokkas
  2 bats
  4 frilled lizards
  29 kobolds
  3 bushes
501 creatures vanquished.

Vanquished Creatures (collateral kills)
  Rupert (D:15)
  Agnes (Snake:1)
  2 hydras
  2 boulder beetles
  3 anacondas (Snake:2)
  An ogre mage (D:14)
  8 two-headed ogres
  2 naga warriors
  A centaur warrior (D:15)
  3 shock serpents
  3 naga sharpshooters (Snake:3)
  Amaemon (D:9)
  A goliath frog (Lair:5)
  2 glowing orange brains (shapeshifter)
  A mana viper (Snake:3)
  4 ugly things
  2 deep elf pyromancers
  2 orc knights (Orc:2)
  A wolf spider (Lair:2)
  An orc sorcerer (Orc:2)
  An oklob plant (Lair:5)
  7 salamanders
  6 elephants
  3 manticores
  A naga mage (Snake:1)
  7 black mambas
  12 cane toads
  An orange demon (Lair:1)
  4 komodo dragons
  A rime drake (Lair:5)
  2 unseen horrors
  A kobold demonologist (D:12)
  2 trolls
  A meliai (D:11)
  A tyrant leech (Lair:5)
  14 blink frogs
  A hornet (D:9)
  2 dream sheep (Lair:5)
  4 slime creatures
  A shadow (D:11)
  4 wraiths
  4 vampires
  2 fire bats (Lair:4)
  11 yaks
  A wyvern (Lair:1)
  Grum (D:9)
  7 basilisks
  A golden eye (Lair:5)
  11 vampire mosquitoes
  A steam dragon (D:10)
  3 wargs
  8 nagas
  An acid dragon (D:11)
  9 water moccasins
  6 orc warriors
  13 ogres
  2 black bears (D:7)
  8 wolves
  5 boggarts
  3 centaurs
  2 kobold brigands
  14 bullfrogs
  A gnoll sergeant (D:11)
  A wight (D:8)
  A killer bee (D:11)
  An electric eel (D:14)
  A howler monkey (D:9)
  A spectral boggart (Gauntlet)
  A gnoll bouda (D:10)
  4 orc priests
  7 orc wizards
  6 hell rats
  3 gnolls (D:11)
  A white imp (D:7)
  An ufetubus (D:7)
  15 orcs
  9 kobolds
  A spectral hobgoblin (D:13)
  2 bushes (Lair:4)
287 creatures vanquished.

Vanquished Creatures (others)
  An earth elemental (Volcano)
  34 battlemagi
  An ancestor (D:7)
  58 fungi
  120 plants
214 creatures vanquished.

Grand Total: 1002 creatures vanquished

Notes
Turn   | Place    | Note
-------+----------+-------------------------------------------
     0 | D:5      | flotson the Demonspawn Delver began the quest for the Orb.
     0 | D:5      | Reached XP level 1. HP: 18/18 MP: 1/1
    10 | D:5      | Noticed a phantom
    22 | D:5      | Noticed an iguana
    44 | D:4      | Reached skill level 2 in Axes
    44 | D:4      | Gained mutation: A meltable shield of frost defends you.
                  | (SH +0) [demonic ancestry]
    44 | D:4      | Reached XP level 2. HP: 9/24 MP: 2/2
   318 | D:4      | Reached skill level 1 in Evocations
   318 | D:4      | Reached XP level 3. HP: 20/29 MP: 3/3
   389 | D:4      | Reached skill level 1 in Armour
   418 | D:4      | Reached XP level 4. HP: 22/35 MP: 4/4
   991 | D:1      | Reached skill level 5 in Stealth
  1714 | D:2      | Gained mutation: When seriously injured, your blood forms
                  | armour. (AC +9) [demonic ancestry]
  1714 | D:2      | Reached XP level 5. HP: 41/41 MP: 5/5
  2084 | D:3      | Got the Discursus on Rancid Mustering
  2691 | D:4      | Found Noycoq's Distillery.
  2700 | D:4      | Bought a potion of degeneration for 10 gold pieces
  2873 | D:4      | Noticed an ice beast
  2886 | D:4      | Killed an ice beast
  2887 | D:4      | Reached skill level 1 in Throwing
  2983 | D:5      | Noticed a black bear
  3069 | D:5      | Reached XP level 6. HP: 47/48 MP: 6/6
  3244 | D:5      | Gained mutation: You may rarely emit foul miasma when
                  | damaged in melee. [demonic ancestry]
  3244 | D:5      | Reached XP level 7. HP: 18/55 MP: 7/7
  3431 | D:5      | Gained mutation: Your magical capacity is low. (-10% MP)
                  | [potion of mutation]
  3431 | D:5      | Gained mutation: You sometimes lose your temper in combat.
                  | [potion of mutation]
  3431 | D:5      | Gained mutation: Your spells are a little harder to cast,
                  | but a little more powerful. [potion of mutation]
  3829 | D:5      | Found a sparkling altar of Nemelex Xobeh.
  3973 | D:5      | Found a hide-covered altar of Uskayaw.
  4230 | D:5      | Found a staircase to the Ecumenical Temple.
  4239 | Temple   | Entered the Ecumenical Temple
  4251 | Temple   | Became a worshipper of Hepliaklqana the Forgotten
  4382 | D:6      | Reached skill level 5 in Fighting
  4382 | D:6      | Reached skill level 1 in Invocations
  4382 | D:6      | Gained mutation: A meltable icy envelope protects you from
                  | harm. (AC +0) [demonic ancestry]
  4382 | D:6      | Reached XP level 8. HP: 28/62 MP: 6/7
  5480 | D:6      | Reached XP level 9. HP: 69/69 MP: 10/10
  5764 | D:6      | Found an ornate altar of the Wu Jian Council.
  5773 | D:6      | Reached * piety under Hepliaklqana
  5854 | D:7      | Noticed Pikel
  6040 | D:7      | Reached skill level 5 in Evocations
  6047 | D:7      | Found a broken altar of Ashenzari.
  6066 | D:7      | Reached skill level 5 in Dodging
  6290 | D:7      | Reached skill level 3 in Axes
  6309 | D:7      | Found an ancient bone altar of Kikubaaqudgha.
  6661 | D:7      | Killed Pikel
  6662 | D:7      | Reached skill level 4 in Axes
  6662 | D:7      | Reached skill level 5 in Armour
  6662 | D:7      | Reached skill level 5 in Invocations
  6923 | D:8      | Found an opulent altar of Gozag.
  6928 | D:8      | Found a snail-covered altar of Cheibriados.
  7023 | D:8      | Reached ** piety under Hepliaklqana
  7024 | D:8      | Remembered your ancestor Huemac as a battlemage
  7474 | D:8      | Found a basalt altar of Yredelemnul.
  7501 | D:8      | Found a sacrificial altar of Ru.
  7921 | D:9      | Noticed Grum
  7926 | D:9      | Reached XP level 10. HP: 43/69 MP: 12/12
  7932 | D:9      | Noticed a two-headed ogre
  8171 | D:8      | Killed a two-headed ogre
  8172 | D:8      | Reached skill level 5 in Axes
  8172 | D:8      | Reached skill level 5 in Throwing
  8286 | D:9      | Killed Grum
  8454 | D:9      | Found a staircase to the Lair.
  8618 | D:9      | Found a burning altar of Makhleb.
  8622 | D:9      | Found a blossoming altar of Fedhas.
  8680 | D:9      | Noticed a two-headed ogre
  8692 | D:9      | Killed a two-headed ogre
  8861 | D:9      | Found a stormy altar of Qazlal.
  9076 | D:9      | Reached *** piety under Hepliaklqana
  9139 | D:9      | Found Waluah's General Store.
  9145 | D:9      | Bought a +1 kite shield of protection for 280 gold pieces
  9265 | D:10     | Entered Level 10 of the Dungeon
  9307 | D:10     | Reached skill level 6 in Axes
  9546 | D:10     | Noticed Harold
  9554 | D:10     | Killed Harold
  9555 | D:10     | Gained mutation: You sometimes emit foul miasma when
                  | damaged in melee. [demonic ancestry]
  9555 | D:10     | Reached XP level 11. HP: 75/75 MP: 14/14
  9658 | D:10     | Reached skill level 1 in Shields
 10541 | Lair:1   | Entered Level 1 of the Lair of Beasts
 10541 | Lair:1   | Noticed Amaemon
 10665 | D:9      | Killed Amaemon
 10948 | Lair:1   | Reached skill level 7 in Axes
 11459 | Lair:1   | Found the +6 shillelagh "Devastator" {shatter}
 11799 | Lair:2   | Found a staircase to the Snake Pit.
 11811 | Lair:2   | Reached **** piety under Hepliaklqana
 11822 | Lair:2   | Found an opulent altar of Gozag.
 12167 | Lair:2   | Gained mutation: When seriously injured, your blood forms
                  | thick armour. (AC +9) [demonic ancestry]
 12167 | Lair:2   | Reached XP level 12. HP: 80/82 MP: 16/16
 12331 | Lair:2   | Identified the +1 dagger "Cucsifri" {flame, Fly rF+}
 12513 | Lair:2   | Reached skill level 8 in Axes
 12689 | Lair:2   | Noticed a four-headed hydra
 12716 | Lair:2   | Killed a four-headed hydra
 13563 | Lair:3   | Found a staircase to the Shoals.
 14160 | Lair:4   | Found a dark tunnel.
 14169 | Volcano  | Entered a volcano
 14303 | Volcano  | Noticed a stone giant
 14309 | Volcano  | Killed a stone giant
 14310 | Volcano  | Reached skill level 9 in Axes
 14749 | Volcano  | Reached XP level 13. HP: 87/90 MP: 17/17
 15666 | Lair:4   | Reached ***** piety under Hepliaklqana
 15983 | Lair:5   | Entered Level 5 of the Lair of Beasts
 16077 | Lair:5   | Reached skill level 5 in Shields
 16536 | Lair:4   | Reached skill level 10 in Axes
 17107 | Lair:5   | Gained mutation: You have a small tail. [demonic ancestry]
 17107 | Lair:5   | Reached XP level 14. HP: 97/97 MP: 18/18
 17169 | Lair:5   | Got the Tractate on Forceful Immolation
 17971 | Lair:5   | Found a staircase to the Slime Pits.
 18588 | D:11     | Identified the +0 flail "Aubergine" {holy, Str+4 Int+4}
 18724 | D:11     | Reached skill level 10 in Fighting
 18906 | D:11     | Reached skill level 11 in Axes
 19094 | D:11     | Found a staircase to the Orcish Mines.
 19124 | D:11     | Reached skill level 12 in Axes
 19124 | D:11     | Gained mutation: You have a tail ending in a sharp stinger.
                  | [demonic ancestry]
 19124 | D:11     | Reached XP level 15. HP: 95/103 MP: 18/18
 20176 | D:12     | Found a viscous altar of Jiyva.
 20436 | D:12     | Found a transporter.
 20436 | D:12     | Found a transporter.
 20549 | D:13     | Found a gate leading to a gauntlet.
 20558 | Gauntlet | Entered a Gauntlet
 20558 | Gauntlet | Found a transporter.
 20558 | Gauntlet | Found a transporter.
 20585 | Gauntlet | Found a transporter.
 20600 | Gauntlet | Found a transporter.
 20600 | Gauntlet | Found a transporter.
 20600 | Gauntlet | Found a transporter.
 20602 | Gauntlet | Found a transporter.
 20602 | Gauntlet | Found a transporter.
 20614 | Gauntlet | Found a transporter.
 20630 | Gauntlet | Found a transporter.
 20640 | Gauntlet | Found a transporter.
 20657 | Gauntlet | Found a transporter.
 20674 | Gauntlet | Found a transporter.
 20676 | Gauntlet | Found a runed translucent door.
 20682 | Gauntlet | Found a runed translucent door.
 20686 | Gauntlet | Found a transporter.
 21006 | Gauntlet | Identified the amulet of the Lobster {Spirit Fly rF- rN+++
                  | Str-4}
 21260 | Gauntlet | Reached ****** piety under Hepliaklqana
 21436 | D:13     | Noticed Maurice
 21445 | D:13     | Killed Maurice
 21635 | D:13     | Found a hazy altar of Hepliaklqana.
 22183 | D:14     | Reached skill level 10 in Evocations
 22551 | D:14     | Found a gate to the Vaults.
 23243 | D:14     | Found a broken altar of Ashenzari.
 23415 | Orc:1    | Entered Level 1 of the Orcish Mines
 23573 | Orc:1    | Reached skill level 13 in Axes
 23640 | Orc:1    | Reached XP level 16. HP: 100/110 MP: 19/19
 23738 | Orc:2    | Entered Level 2 of the Orcish Mines
 23995 | Orc:2    | Found an iron altar of Okawaru.
 24029 | Orc:2    | Found Exuwn's Jewellery Boutique.
 24052 | Orc:2    | Found a staircase to the Elven Halls.
 24058 | Orc:2    | Noticed Josephine
 24066 | Orc:2    | Killed Josephine
 24653 | Orc:2    | Paralysed by an ogre mage for 4 turns
 24892 | Orc:2    | Found Ziric's Weapon Boutique.
 24893 | Orc:2    | Found Kirr's Magic Scroll Shoppe.
 24893 | Orc:2    | Found Unoira Xonko's Assorted Antiques.
 24893 | Orc:2    | Found Molut's Weapon Shoppe.
 24893 | Orc:2    | Paralysed by an ogre mage for 2 turns
 24920 | Orc:2    | Bought a scroll of blinking for 105 gold pieces
 24920 | Orc:2    | Bought a scroll of identify for 28 gold pieces
 24920 | Orc:2    | Bought a scroll of identify for 28 gold pieces
 24920 | Orc:2    | Bought a scroll of identify for 28 gold pieces
 24920 | Orc:2    | Bought a scroll of identify for 28 gold pieces
 24928 | Orc:2    | Bought a runed war axe for 247 gold pieces
 25727 | D:15     | Entered Level 15 of the Dungeon
 26178 | D:15     | Noticed Rupert
 26178 | D:15     | Paralysed by Rupert for 5 turns
 26186 | D:15     | Killed Rupert
 26257 | D:15     | Noticed Jorgrun
 26275 | D:15     | Killed Jorgrun
 26284 | D:15     | Reached skill level 10 in Dodging
 26701 | D:15     | Found a staircase to the Depths.
 26864 | D:15     | Identified the +0 plate armour of Keat {Dex+3}
 27189 | D:15     | Upgraded the game from 0.30-a0-691-g754fce4c43 to
                  | 0.30-a0-696-g2367cd04db
 27322 | Orc:2    | Bought a ring of poison resistance for 240 gold pieces
 27453 | Snake:1  | Entered Level 1 of the Snake Pit
 27484 | Snake:1  | Reached skill level 10 in Armour
 27633 | Snake:1  | Reached skill level 14 in Axes
 27633 | Snake:1  | Reached skill level 10 in Throwing
 28487 | Snake:1  | Noticed Agnes
 28491 | Snake:1  | Killed Agnes
 29017 | Snake:2  | Noticed Mlioglotl
 29023 | Snake:2  | Gained mutation: A meltable icy envelope protects you from
                  | harm. (AC +0) [demonic ancestry]
 29023 | Snake:2  | Reached XP level 17. HP: 100/117 MP: 20/20
 29455 | Snake:1  | HP: 5/117 [poisoned by a guardian serpent (bolt of poison)]
 30074 | Snake:2  | Found Afewnumao's Jewellery Shoppe.
 30076 | Snake:2  | Found Xuded's Book Boutique.
 30078 | Snake:2  | Found Runwaaf's Jewellery Shoppe.
 30497 | Snake:2  | Killed Mlioglotl
 31143 | Snake:3  | Found Kukuiteorph's Armour Shoppe.
 31208 | Snake:3  | Bought the +5 ring mail of Alougg Hahey {Will+ Str+3} for
                  | 574 gold pieces
 31242 | Snake:3  | Found Jiomaam's Distillery.
 31251 | Snake:3  | Bought a potion of curing for 45 gold pieces
 31251 | Snake:3  | Bought a potion of curing for 45 gold pieces
 31307 | Snake:3  | Noticed Vashnia
 31994 | Snake:3  | Shot with a bolt by Vashnia

Illustrated notes

Levels and vault maps discovered:
D:1:      roderic_crop_circles_arrival_small, layout_loops_ring,
          serial_bayou_lake_a
D:2:      layout_rooms
D:3:      layout_rooms, hangedman_decor_opposing
D:4:      layout_basic, serial_shops, nicolae_lakefront_shop
D:5:      layout_rooms, mainiacjoe_overflow_two_lobes,
          minmay_temple_entry_antechambers, due_unseen_surprise
D:6:      layout_basic, nzn_wu_jian_council_hall, minmay_quadrilaterals
D:7:      layout_basic, kiku_gazebo_pond_becter,
          mainiacjoe_overflow_small_starburst, grunt_ministairs_10, uniq_pikel
D:8:      layout_loops_cross, kennysheep_ying_yang,
          nicolae_overflow_hidden_temple, mainiacjoe_overflow_catwalk_spiral,
          serial_rivers, chequers_serial_rivers_small_3,
          chequers_serial_rivers_micro_c, chequers_serial_rivers_room_b,
          chequers_serial_rivers_large_a, chequers_serial_rivers_small_a,
          chequers_serial_rivers_small_3
D:9:      layout_basic, mainiacjoe_overflow_chevrons, kennysheep_mini_moat,
          mainiacjoe_overflow_catwalk, due_lair_maze_entry_diamond,
          serial_shops, shop, uniq_grum
D:10:     layout_loops_ring, amcnicky_mini_rare_corridor_liquid,
          dreamdust_gnoll_shepherd, uniq_harold
D:11:     layout_gridville, orc_0_dummy, minmay_shattered_shrine
D:12:     gammafunk_jiyva_shrine, layout_basic, fountainhead
D:13:     layout_loops_ring, gauntlet_entry_generic,
          nicolae_hepliaklqana_monster_ancestors, uniq_maurice
D:14:     layout_long_grid, david_vaults_2, nicolae_ashenzari_skybound,
          minivault_14, serial_bayou_pond_c, minmay_misc_feat_four_crosses,
          minivault_25
D:15:     hangedman_depths_entry_try_elsewhere_first, layout_loops_ring,
          nicolae_eternal_life, uniq_rupert, uniq_jorgrun
Temple:   corrupted_temple
Lair:1:   layout_cave_shapes, lemuel_fruit_tree, serial_bayou_shore_a,
          grunt_megastairs_2, uniq_amaemon
Lair:2:   layout_roguey, guppyfry_snake_entry_island, basic_altar,
          nicolae_lair_run_with_the_wolves
Lair:3:   layout_long_grid, minmay_shoals_entry_lonely_mermaid,
          serial_bayou_shore_b
Lair:4:   layout_misc_corridors, nicolae_volcano_entry_batcave,
          minmay_lair_oklob_bushes
Lair:5:   minmay_lair_end_frog_pond, layout_hall_layers, slime_entry_1
Snake:1:  layout_basic, nicolae_integral_box, uniq_agnes
Snake:2:  layout_concentric_octagons, basic_altar, minmay_shop_grove,
          uniq_mlioglotl
Snake:3:  layout_chambers, serial_shops, nicolae_diamond_shop,
          nicolae_shop_behind_doors, shop_fountains, shop, shop_statue,
          uniq_vashnia
Orc:1:    layout_caves
Orc:2:    st_orc_ogre_mass, layout_caves, serial_shops,
          nicolae_shop_temple_entry_statues_fountains, david_defended_altar_orc,
          uniq_josephine

Skill      XL: |  1  2  3  4  5  6  7  8  9 10 11 12 13 14 15 16 |
---------------+-------------------------------------------------+-----
Axes           | 2 4 6 7 9 10 12 13 14 | 14.6
Dodging        | 2 3 4 5 6 7 8 9 10 | 10.6
Evocations     | 1 2 3 4 5 6 7 8 9 10 11 | 11.4
Armour         | 1 2 3 4 5 6 7 8 9 10 | 10.5
Stealth        | 5 |  5.0
Throwing       | 1 2 3 4 5 6 7 8 9 10 | 10.4
Fighting       | 4 5 6 7 8 9 10 11 | 11.8
Invocations    | 1 3 5 6 8 |  8.0
Shields        | 3 4 5 6 7 8 |  8.5

Action                   |  1- 3 |  4- 6 |  7- 9 | 10-12 | 13-15 | 16-18 || total
-------------------------+-------+-------+-------+-------+-------+-------++-------
Melee: Hand axe          |    41 |    12 |       |       |       |       ||    53
       Quarterstaff      |       |   233 |   161 |       |       |       ||   394
       Broad axe         |       |       |   156 |   419 |   631 |   580 ||  1786
       Punch             |       |       |     1 |     1 |       |       ||     2
       Trident           |       |       |       |    11 |       |       ||    11
       Scimitar          |       |       |       |       |    35 |       ||    35
       Tailslap          |       |       |       |       |   102 |   119 ||   221
Throw: Dart              |       |    16 |    40 |     8 |       |     1 ||    65
       Javelin           |       |       |       |       |       |     2 ||     2
Invok: Ancestor Life: Ba |       |       |     1 |       |       |       ||     1
       Recall Ancestor   |       |       |       |     2 |     1 |     2 ||     5
Evoke: Wand              |       |     1 |       |     2 |     2 |       ||     5
  Use: Potion            |     1 |       |     4 |     4 |     8 |     2 ||    19
       Scroll            |       |       |     1 |    16 |    11 |     6 ||    34
 Stab: Sleeping          |     2 |     2 |     7 |     4 |     3 |     4 ||    22
       Distracted        |       |       |     1 |    10 |    22 |    15 ||    48
       Confused          |       |       |       |     1 |     2 |     4 ||     7
       Paralysed         |       |       |       |       |     3 |     1 ||     4
       Petrifying        |       |       |       |       |       |     1 ||     1
Armor: Leather armour    |     4 |       |       |       |       |       ||     4
       Chain mail        |    18 |   102 |       |    10 |       |       ||   130
       Ring mail         |       |    13 |   174 |    15 |       |    25 ||   227
       Skin              |       |     1 |       |       |       |       ||     1
       Acid dragon scale |       |       |       |   214 |   309 |   149 ||   672
       Scale mail        |       |       |       |       |    21 |       ||    21
Dodge: Dodged            |    15 |    87 |   183 |   262 |   387 |   418 ||  1352
Block: Other             |     9 |    58 |   167 |    26 |       |       ||   260
       Reflection        |       |     1 |    13 |     5 |    15 |   101 ||   135
       Kite shield       |       |       |       |   550 |   877 |   767 ||  2194

Table legend: (Time is in decaauts)
 A = Elapsed time spent in this place.
 B = Non-inter-level travel time spent in this place.
 C = Inter-level travel time spent in this place.
 D = Time resting spent in this place.
 E = Time spent auto-exploring this place.
 F = Levels seen in this place.
 G = Mean time per level.
                   A        B        C        D        E       F      G
               +--------+--------+--------+--------+--------+-----+--------+
         Total |  33213 |  31693 |   1520 |   5960 |  19691 |  28 | 1186.2 |
       Dungeon |  17429 |  16471 |    958 |   2270 |  11145 |  15 | 1161.9 |
        Temple |     23 |     12 |     11 |      0 |      5 |   1 |   23.0 |
          Lair |   7292 |   7045 |    247 |    773 |   4632 |   5 | 1458.4 |
     Snake Pit |   4669 |   4486 |    183 |   1682 |   2189 |   3 | 1556.3 |
  Orcish Mines |   2367 |   2248 |    119 |    838 |    995 |   2 | 1183.5 |
       Volcano |    674 |    674 |      0 |     51 |    453 |   1 |  674.0 |
      Gauntlet |    757 |    757 |      0 |    344 |    271 |   1 |  757.0 |
               +--------+--------+--------+--------+--------+-----+--------+

Top non-repeatable levels by time:
  Lair:5: 2200 daAuts
 Snake:1: 2082 daAuts
 Snake:2: 2012 daAuts
     D:6: 1818 daAuts
     D:9: 1606 daAuts
  Lair:4: 1529 daAuts
    D:15: 1499 daAuts
    D:11: 1413 daAuts
  Lair:2: 1375 daAuts
     D:8: 1363 daAuts
   Orc:1: 1339 daAuts
     D:5: 1317 daAuts
  Lair:3: 1286 daAuts
    D:10: 1284 daAuts
     D:4: 1247 daAuts
